 Dungeon Crawl Stone Soup version 0.21.1-1-g345015f (webtiles) character file.

99 Matador8 the Cudgeler (level 5, -4/41 HPs)
             Began as a Human Warper on Apr 9, 2018.
             Killed from afar by Natasha (8 damage)
             ... with a magic dart
             ... on level 2 of the Dungeon.
             The game lasted 00:15:20 (1449 turns).

Matador8 the Cudgeler (Human Warper)                Turns: 1449, Time: 00:15:20

Health: -4/41      AC:  3    Str: 13    XL:     5   Next: 2%
Magic:  8/8        EV: 12    Int: 13    God:
Gold:   60         SH:  0    Dex: 12    Spells: 4/8 levels left

rFire    . . .     SeeInvis .   t - +0 whip
rCold    . . .     Gourm    .   (no shield)
rNeg     . . .     Faith    .   j - +0 leather armour
rPois    .         Spirit   .   (no helmet)
rElec    .         Reflect  .   (no cloak)
rCorr    .         Harm     .   (no gloves)
MR       .....                  (no boots)
Stlth    +.........             (no amulet)
HPRegen  0.13/turn              (no ring)
MPRegen  0.11/turn              (no ring)

@: no status effects
A: no striking features
a: no special abilities


You were on level 2 of the Dungeon.
You were not hungry.

You visited 1 branch of the dungeon, and saw 2 of its levels.

You collected 60 gold pieces.

Inventory:

Hand Weapons
 a - a +0 mace
 b - a +0 hunting sling
 t - a +0 whip (weapon)
Missiles
 e - a tomahawk of dispersal (quivered)
 s - 2 stones
Armour
 j - a +0 leather armour (worn)
 o - a +0 scale mail
Scrolls
 d - a scroll of blinking
 h - a scroll of teleportation {unknown}
 i - 4 scrolls of remove curse {unknown}
 m - a scroll of noise {unknown}
 n - a scroll of identify {unknown}
 r - a scroll of enchant weapon {unknown}
Potions
 g - a potion of agility {unknown}
 l - a potion of magic {unknown}
 p - 2 potions of haste {unknown}
 q - 2 potions of lignification {unknown}
Books
 c - a book of Spatial Translocations

   Spells                             Type                      Level
   a - Blink                          Translocation                2
   b - Shroud of Golubria             Charms/Translocation         2
   c - Lesser Beckoning               Translocation                3
   d - Gell's Gravitas                Translocation                3
   e - Teleport Other                 Translocation                3
   f - Passage of Golubria            Translocation                4
Comestibles
 f - 4 rations
 k - 9 chunks of flesh


   Skills:
 + Level 3.6 Fighting
 + Level 3.6 Maces & Flails
 - Level 1.0 Throwing
 - Level 1.0 Armour
 - Level 2.0 Dodging
 - Level 2.0 Spellcasting
 - Level 3.0 Translocations


You had 4 spell levels left.
You knew the following spells:

 Your Spells              Type           Power        Failure   Level  Hunger
a - Blink                 Tloc           N/A          14%         2    ###....
b - Shroud of Golubria    Chrm/Tloc      #.........   26%         2    ###....


Dungeon Overview and Level Annotations

Branches:
Dungeon (2/15)

Altars:
Ru

Annotations:
D:2 Natasha, Sigmund


Message History

a hand axe of electrocution; a scale mail You see here a dagger.
Things that are here:
a hand axe of electrocution; a scale mail You see here a dagger.
Some of the chunks of flesh in your inventory have rotted away.
Natasha, Servant of Life and Death comes into view.
Natasha hisses angrily.
Natasha stares at you and mumbles some strange words.
The magic dart hits you! Natasha claws you.
You closely miss Natasha. Natasha claws you!
* * * LOW HITPOINT WARNING * * *
You closely miss Natasha. Natasha claws you.
* * * LOW HITPOINT WARNING * * *
You hit Natasha.
Natasha is lightly wounded.
Natasha casts a spell at you. The magic dart hits you!
You die...

##############
#............#
#.##########.#
#@# #.#####
#h#
######....##
#.#
#......#....
#.#
#.####....##
#.# #..#.##
#.# #..#.##
#.. #......
#.. #..####
...#


You could see Natasha.

Vanquished Creatures
  Jessica (D:2)
  An adder (D:2)
  An ooze (D:1)
  A worm (D:2)
  2 dart slugs
  A leopard gecko (D:2)
  4 orcs (D:2)
  A ball python (D:1)
  3 bats
  3 giant cockroaches
  5 hobgoblins
  4 jackals (D:2)
  3 frilled lizards
  7 goblins
  2 kobolds (D:2)
  8 rats
47 creatures vanquished.

Notes
Turn   | Place    | Note
-------+----------+-------------------------------------------
     0 | D:1      | Matador8 the Human Warper began the quest for the Orb.
     0 | D:1      | Reached XP level 1. HP: 16/16 MP: 3/3
   112 | D:1      | Reached XP level 2. HP: 14/22 MP: 5/5
   244 | D:1      | Reached XP level 3. HP: 20/28 MP: 6/6
   583 | D:2      | Noticed an ogre
   592 | D:1      | Learned a level 2 spell: Blink
   685 | D:2      | Learned a level 2 spell: Shroud of Golubria
   754 | D:2      | Noticed Jessica
   783 | D:2      | Found a sacrificial altar of Ru.
   895 | D:2      | Reached XP level 4. HP: 24/35 MP: 7/7
   975 | D:2      | Noticed Sigmund
  1089 | D:2      | Killed Jessica
  1390 | D:2      | Reached XP level 5. HP: 20/41 MP: 8/8
  1440 | D:2      | Noticed Natasha
  1449 | D:2      | Killed from afar by Natasha

Skill      XL: |  1  2  3 |
---------------+----------+-----
Fighting       | 3 |  3.6
Maces & Flails | 3 |  3.6
Throwing       | |  1.0
Armour         | |  1.0
Dodging        | |  2.0
Spellcasting   | |  2.0
Translocations | |  3.0

Action                   |  1- 3 |  4- 6 || total
-------------------------+-------+-------++-------
Melee: Mace              |   115 |    43 ||   158
       Whip              |       |     3 ||     3
 Fire: Hunting sling     |       |     3 ||     3
Throw: Tomahawk          |     2 |     2 ||     4
 Cast: Blink             |       |     2 ||     2
  Eat: Chunk             |       |     2 ||     2
Armor: Leather armour    |    36 |     9 ||    45
Dodge: Dodged            |    53 |    33 ||    86
